 Dungeon Crawl Stone Soup version 0.31-a0-977-gc230f8ef24 (webtiles) character file.

Game seed: 5050673547600780128

22225 Fodor the Cleaver (level 12, -25/110 HPs)
             Began as a Minotaur Fighter on Oct 29, 2023.
             Was an Initiate of Gozag.
             Annihilated by an enormous slime creature (51 damage)
             ... on level 13 of the Dungeon.
             The game lasted 01:02:47 (12073 turns).

Fodor the Cleaver (Minotaur Fighter)               Turns: 12073, Time: 01:02:48

Health: -25/110    AC: 33    Str: 26    XL:     12   Next: 61%
Magic:  11/11      EV: 17    Int:  7    God:    Gozag
Gold:   1215       SH:  5    Dex: 16    Spells: 11/11 levels left

rFire   . . .        G - +2 morningstar (freeze)
rCold   . . .        (no shield)
rNeg    . . .        z - +18 Lear's hauberk
rPois   .            (helmet currently unavailable)
rElec   .            J - +2 cloak {Will+}
rCorr   .            (gloves currently unavailable)
SInv    .            (boots currently unavailable)
Will    +....        A - amulet "Fankywn" {Reflect Int+2 SH+5} Stlth
                     j - +6 ring of dexterity
HPRegen 0.38/turn    d - +5 ring of evasion
MPRegen 0.12/turn

%: reflection
@: no status effects
A: horns 2, retaliatory headbutt
a: Renounce Religion, Potion Petition, Call Merchant, Bribe Branch


You were on level 13 of the Dungeon.
You worshipped Gozag.
Gozag was most pleased with you.
You visited 2 branches of the dungeon, and saw 14 of its levels.

You collected 1910 gold pieces.
You spent 623 gold pieces at shops.
You paid 72 gold pieces to Gozag.

Inventory:

Hand Weapons
 y - a +0 orcbow
 C - a +5 war axe
 G - a +2 morningstar of freezing (weapon)
Missiles
 a - a throwing net
 i - 15 poisoned darts
 u - 6 javelins (quivered)
Armour
 z - the +18 Lear's hauberk (worn)
   (You found it on level 6 of the Dungeon)
 J - a +2 cloak of willpower (worn)
 K - a +3 plate armour
 L - the +2 hat of Perpetual Drought {Fly rCorr Str-4}
   (You found it on level 8 of the Dungeon)

   Str-4:     It affects your strength (-4).
   Fly:       It grants you flight.
   rCorr:     It protects you from acid and corrosion.
Jewellery
 d - a +5 ring of evasion (right hand)
 j - a +6 ring of dexterity (left hand)
 A - the amulet "Fankywn" (around neck) {Reflect Int+2 SH+5}
   (You found it on level 6 of the Dungeon)

   [amulet of reflection]

   Reflect:   It reflects blocked missile attacks.
   Int+2:     It affects your intelligence (+2).
   SH+5:      It affects your SH (+5).
 B - an amulet of guardian spirit
 P - a +6 ring of intelligence
 R - a ring of protection from fire
Talismans
 g - a blade talisman
 I - a flux talisman
Wands
 h - a wand of polymorph (4)
 q - a wand of digging (7)
 t - a wand of flame (2)
 x - a wand of iceblast (19)
 S - a wand of charming (3)
Scrolls
 b - 4 scrolls of revelation
 c - a scroll of torment
 e - 3 scrolls of enchant weapon
 f - 4 scrolls of fog
 k - 3 scrolls of teleportation
 l - 3 scrolls of vulnerability {unknown}
 m - a scroll of summoning {unknown}
 n - 2 scrolls of fear {unknown}
 o - 4 scrolls of poison
 v - 3 scrolls of noise {unknown}
 w - 2 scrolls of brand weapon
 O - 2 scrolls of blinking
 U - a scroll of enchant armour
Potions
 p - a potion of magic
 r - 3 potions of berserk rage
 s - a potion of resistance {unknown}
 D - a potion of ambrosia {unknown}
 E - a potion of cancellation {unknown}
 F - a potion of degeneration {unknown}
 H - 2 potions of attraction {unknown}
 M - 2 potions of haste
 N - a potion of enlightenment {unknown}
 Q - a potion of lignification {unknown}
 T - a potion of mutation {unknown}


   Skills:
 + Level 11.5 Fighting
 + Level 12.9(15.0) Axes
 + Level 12.6(14.8) Maces & Flails
 + Level 1.0 Throwing
 + Level 11.0 Armour
 + Level 5.7 Dodging
 + Level 2.0 Stealth
 + Level 8.2 Shields


You had 11 spell levels left.
You didn't know any spells.
Your spell library contained the following spells:

 Spells                   Type           Power      Damage    Failure   Level
 Blink                    Tloc           0%         N/A       95%         2
 Cigotuvi's Dreadful Rot  Necr/Pois/Air  0%         N/A       95%         2
 Ozocubu's Armour         Ice            0%         N/A       99%         3
 Dispel Undead            Necr           0%         3d6       100%        4
 Manifold Assault         Tloc           0%         N/A       100%        4
 Summon Ice Beast         Ice/Summ       0%         N/A       100%        4
 Summon Mana Viper        Hex/Summ       0%         N/A       100%        5
 Death Channel            Necr           0%         N/A       100%        6
 Monstrous Menagerie      Summ           0%         N/A       100%        7
 Ozocubu's Refrigeration  Ice            0%         4d7       100%        7


Dungeon Overview and Level Annotations

Branches:
Dungeon (13/15)            Temple (1/1) D:7            Lair (0/5) D:8
    Orc (0/2) D:9
 Vaults: D:13-14

Altars:
Ashenzari
Cheibriados
Dithmenos
Elyvilon
Fedhas
Gozag
Hepliaklqana
Kikubaaqudgha
Makhleb
Nemelex Xobeh
Okawaru
Qazlal
Ru
Sif Muna
Trog
Uskayaw
Vehumet
Wu Jian
Xom
Yredelemnul
Zin
The Shining One

Shops:
D:5 :   D:7 *

Annotations:
D:11 5 transporters
D:12 2 transporters, exclusion: obsidian statue


Innate Abilities, Weirdness & Mutations

You have a pair of horns on your head.
You reflexively headbutt those who attack you in melee.


Message History

The enormous slime creature misses you.
You puncture the enormous slime creature!
You freeze the enormous slime creature.
You headbutt the enormous slime creature!
The enormous slime creature is severely wounded.
The enormous slime creature hits you!
You sock the enormous slime creature! You freeze the enormous slime creature.
You headbutt the enormous slime creature.
The enormous slime creature is severely wounded.
The enormous slime creature closely misses you.
You barely miss the enormous slime creature.
You headbutt the enormous slime creature.
The enormous slime creature is severely wounded.
You completely miss the enormous slime creature.
The enormous slime creature is severely wounded.
The enormous slime creature hits you but does no damage.
You completely miss the enormous slime creature.
The enormous slime creature is severely wounded.
The enormous slime creature hits you but does no damage.
You barely miss the enormous slime creature.
The enormous slime creature is severely wounded.
The enormous slime creature hits you!
* * * LOW HITPOINT WARNING * * *
You hit the enormous slime creature. You freeze the enormous slime creature.
You headbutt the enormous slime creature, but do no damage.
The enormous slime creature is severely wounded.
You puncture the enormous slime creature!
You freeze the enormous slime creature.
You headbutt the enormous slime creature!
The enormous slime creature is almost dead.
The enormous slime creature hits you but does no damage.
You barely miss the enormous slime creature.
The enormous slime creature is almost dead.
The enormous slime creature hits you but does no damage.
You hit the enormous slime creature. You freeze the enormous slime creature.
You headbutt the enormous slime creature!
The enormous slime creature is almost dead.
The enormous slime creature hits you!!!
You die...
Your body crumbles into a pile of gold.

...........#...
.............
..........#
..........#
#######'###
##.# #.$# #$##
#@# #J# #.# #.#
#.# #.# #.# #.#
#.#


You could see an enormous slime creature.

Vanquished Creatures
  A fire giant (D:10)
  A hydra (D:13)
  A centaur warrior (D:13)
  3 two-headed ogres
  The ghost of Pooter the Magician, a novice GnWn of Lugonu (D:8)
  A flayed ghost (D:10)
  2 skeletal warriors
  A deep elf zephyrmancer (D:10)
  6 cyclopes
  A manticore (D:10)
  An elephant (D:8)
  4 slime creatures
  A gargoyle (D:13)
  2 komodo dragons
  2 unseen horrors (D:12)
  A hornet (D:8)
  A meliai (shapeshifter) (D:13)
  6 trolls
  A wind drake (shapeshifter) (D:12)
  A shadow (D:11)
  Sigmund (D:4)
  A wyvern (D:10)
  2 wraiths (D:11)
  The ghost of Gormless the Ruffian, an amateur DrWr (D:4)
  2 humans (D:10)
  4 vampire mosquitoes (D:13)
  Menkaure (D:7)
  6 steam dragons
  4 acid dragons
  A water moccasin (D:8)
  8 orc warriors
  4 black bears
  An ice beast (D:7)
  7 centaurs
  3 ogres
  4 bullfrogs
  5 phantoms (D:4)
  2 scorpions
  4 gnoll sergeants
  7 wights
  3 howler monkeys
  A bullfrog zombie (D:4)
  2 quasits (D:4)
  A bullfrog skeleton (D:4)
  A gnoll bouda (D:7)
  4 hounds
  A jelly (D:4)
  7 orc priests
  3 iguanas
  10 orc wizards
  2 sleepcaps
  Ijyb (D:4)
  Terence (D:3)
  3 hound zombies (D:4)
  A hound skeleton (D:4)
  Robin (D:2)
  A howler monkey zombie (D:4)
  8 adders
  23 gnolls
  A shadow imp (D:7)
  A white imp (D:7)
  A howler monkey simulacrum (D:10)
  3 adder zombies (D:4)
  2 adder skeletons (D:4)
  3 worms
  45 orcs
  11 endoplasms
  2 giant cockroaches
  18 goblins
  5 hobgoblins
  3 kobolds
  3 quokkas
  5 ball pythons
  4 frilled lizards
  7 rats
294 creatures vanquished.

Vanquished Creatures (collateral kills)
  A gargoyle (D:13)
  A slime creature (D:13)
  A naga (shapeshifter) (D:13)
3 creatures vanquished.

Vanquished Creatures (others)
  Maurice (D:8)
1 creature vanquished.

Grand Total: 298 creatures vanquished

Notes
Turn   | Place    | Note
-------+----------+-------------------------------------------
     0 | D:1      | Fodor the Minotaur Fighter began the quest for the Orb.
     0 | D:1      | Reached XP level 1. HP: 19/19 MP: 0/0
   531 | D:1      | Reached XP level 2. HP: 23/27 MP: 1/1
   887 | D:2      | Noticed Robin
   902 | D:2      | Reached XP level 3. HP: 17/33 MP: 2/2
   909 | D:2      | Killed Robin
  1372 | D:3      | Noticed Terence
  1382 | D:3      | Killed Terence
  1383 | D:3      | Reached XP level 4. HP: 33/40 MP: 3/3
  1500 | D:3      | Found a basalt altar of Yredelemnul.
  2119 | D:4      | Reached XP level 5. HP: 43/46 MP: 4/4
  2143 | D:4      | Noticed a phantom
  2160 | D:4      | Killed a phantom
  2161 | D:4      | Reached skill level 5 in Axes
  2161 | D:4      | Reached skill level 5 in Armour
  2164 | D:4      | Reached XP level 6. HP: 48/53 MP: 5/5
  2223 | D:4      | Noticed a moth of wrath
  2274 | D:4      | Reached skill level 1 in Dodging
  2281 | D:4      | Reached XP level 7. HP: 23/60 MP: 6/6
  2433 | D:4      | Found a hide-covered altar of Uskayaw.
  2486 | D:4      | Reached skill level 5 in Fighting
  2581 | D:4      | Noticed Gormless's ghost (amateur DrWr)
  2640 | D:4      | Noticed Ijyb
  2650 | D:4      | Killed Ijyb
  2720 | D:4      | Found a transporter.
  2744 | D:4      | Reached skill level 5 in Shields
  2746 | D:4      | Killed Gormless's ghost
  2747 | D:4      | Reached XP level 8. HP: 31/70 MP: 7/7
  2747 | D:4      | Found a transporter.
  2876 | D:4      | Noticed Sigmund
  2887 | D:4      | Reached skill level 1 in Stealth
  2942 | D:4      | Killed Sigmund
  2943 | D:4      | Reached skill level 1 in Maces & Flails
  3132 | D:4      | Found a bloodstained altar of Trog.
  3236 | D:5      | Entered Level 5 of the Dungeon
  3399 | D:5      | Found Horoirum's Book Boutique.
  3658 | D:5      | Found a sparkling altar of Nemelex Xobeh.
  4059 | D:6      | Noticed a troll
  4068 | D:6      | Killed a troll
  4069 | D:6      | Reached skill level 5 in Maces & Flails
  4202 | D:6      | Reached XP level 9. HP: 75/78 MP: 8/8
  4250 | D:6      | Found the +18 Lear's hauberk
  4735 | D:6      | Identified the amulet "Fankywn" {Reflect Int+2 SH+5}
  4952 | D:7      | Noticed Menkaure
  4962 | D:7      | Killed Menkaure
  5381 | D:7      | Found Yseor's General Store.
  5387 | D:7      | Bought a scroll of identify for 26 gold pieces
  5455 | D:7      | Found a broken altar of Ashenzari.
  5472 | D:7      | Found a staircase to the Ecumenical Temple.
  5483 | Temple   | Entered the Ecumenical Temple
  5493 | Temple   | Became a worshipper of Gozag Ym Sagoz the Greedy
  5652 | D:8      | Paralysed by a hornet for 2 turns
  5658 | D:8      | Paralysed by a hornet for 3 turns
  5666 | D:8      | Found a runed translucent gate.
  5670 | D:8      | Found a runed translucent gate.
  5671 | D:8      | Found a runed translucent gate.
  5678 | D:8      | Noticed Pooter's ghost (novice GnWn)
  5695 | D:8      | Noticed an elephant
  5710 | D:8      | Reached XP level 10. HP: 43/88 MP: 9/9
  5711 | D:8      | Killed an elephant
  6006 | D:8      | Noticed Maurice
  6024 | D:8      | Something stole a flux talisman
  6030 | D:8      | Killed Maurice
  6031 | D:8      | Reached skill level 10 in Axes
  6469 | D:8      | Found a blossoming altar of Fedhas.
  6565 | D:8      | Found a staircase to the Lair.
  6973 | D:8      | Identified the +2 hat of Perpetual Drought {Fly rCorr
                  | Str-4}
  7096 | D:8      | Killed Pooter's ghost
  7203 | D:9      | Noticed a cyclops
  7220 | D:9      | Killed a cyclops
  7268 | D:9      | Noticed a cyclops
  7281 | D:9      | Killed a cyclops
  7292 | D:9      | Found a staircase to the Orcish Mines.
  7411 | D:9      | Noticed a skeletal warrior
  7434 | D:9      | Killed a skeletal warrior
  7435 | D:9      | Reached XP level 11. HP: 56/90 MP: 10/10
  7536 | D:9      | Noticed a two-headed ogre
  7544 | D:9      | Killed a two-headed ogre
  7560 | D:9      | Reached skill level 5 in Dodging
  7626 | D:9      | Noticed a two-headed ogre
  7631 | D:9      | Killed a two-headed ogre
  8374 | D:10     | Entered Level 10 of the Dungeon
  8503 | D:10     | Found an iron altar of Okawaru.
  8743 | D:10     | Reached skill level 10 in Fighting
  9240 | D:10     | Noticed a skeletal warrior
  9253 | D:10     | Killed a skeletal warrior
  9428 | D:10     | Noticed a deep elf zephyrmancer
  9428 | D:10     | Noticed a fire giant
  9429 | D:10     | Noticed a flayed ghost
  9432 | D:10     | Killed a deep elf zephyrmancer
  9438 | D:10     | HP: 4/100 [fire giant/+1 great sword of flaming (9)]
  9804 | D:10     | Killed a fire giant
  9805 | D:10     | Reached skill level 10 in Maces & Flails
  9805 | D:10     | Reached skill level 10 in Armour
 10146 | D:10     | Killed a flayed ghost
 10251 | D:11     | Found a transporter.
 10260 | D:11     | Found a transporter.
 10462 | D:11     | Reached XP level 12. HP: 108/108 MP: 11/11
 10585 | D:11     | Found a transporter.
 10587 | D:11     | Found a transporter.
 10688 | D:11     | Noticed a two-headed ogre
 10693 | D:11     | Killed a two-headed ogre
 10905 | D:11     | Found a transporter.
 10906 | D:11     | Found a transporter.
 10973 | D:12     | Noticed a frost giant
 10973 | D:12     | Noticed a seven-headed hydra
 10973 | D:12     | Found a transporter.
 11007 | D:12     | Noticed a spark wasp
 11009 | D:12     | a spark wasp changed into an ettin
 11009 | D:12     | Noticed an ettin (glowing shapeshifter)
 11011 | D:12     | Noticed a fire dragon
 11232 | D:12     | Reached skill level 1 in Throwing
 11431 | D:12     | Found a transporter.
 11432 | D:12     | Noticed a five-headed hydra
 11468 | D:12     | a komodo dragon changed into an entropy weaver
 11468 | D:12     | Noticed an entropy weaver (glowing shapeshifter)
 11469 | D:12     | an entropy weaver changed into a yak
 11473 | D:12     | a guardian serpent changed into an entropy weaver
 11473 | D:12     | Noticed an entropy weaver (glowing shapeshifter)
 11679 | D:7      | Bought a scroll of brand weapon for 123 gold pieces
 11679 | D:7      | Bought a scroll of blinking for 97 gold pieces
 11679 | D:7      | Bought a wand of iceblast (5) for 156 gold pieces
 11679 | D:7      | Bought a wand of charming (4) for 124 gold pieces
 11679 | D:7      | Bought a scroll of revelation for 97 gold pieces
 11821 | D:13     | Noticed a six-headed hydra
 11826 | D:13     | Killed a six-headed hydra
 11850 | D:13     | Noticed a centaur warrior
 11870 | D:13     | Killed a centaur warrior
 12073 | D:13     | Annihilated by an enormous slime creature

Illustrated notes

Levels and vault maps discovered:
D:1:      lightli_arrival_maybe_door_vault, layout_basic,
          nicolae_figureground_sparkle
D:2:      layout_rooms, chequers_serial_rivers_room_a, uniq_robin
D:3:      layout_basic, overflow_temple_1_default, uniq_terence
D:4:      layout_gridville, nicolae_uskayaw_suspiria, tgw_trog, serial_undead,
          serial_undead_d, serial_undead_b, serial_undead_e, serial_undead_f,
          serial_undead_a, serial_undead_e, gammafunk_ghost_stat_death,
          uniq_sigmund, uniq_ijyb
D:5:      layout_rooms, mainiacjoe_overflow_concentric_impassable, serial_shops,
          nicolae_shop_peninsula
D:6:      layout_gridville, hellmonk_guarded_unrand_lears
D:7:      layout_rooms, lemuel_doored_altar,
          minmay_temple_entry_drinking_statues, serial_shops,
          nicolae_shop_back_alley_shop, uniq_menkaure
D:8:      layout_cave_pods, kennysheep_mini_moat,
          grunt_lair_entry_orc_guard_hut, biasface_ghost_orc_armoury,
          minmay_gold_behind_fungi, uniq_maurice
D:9:      minmay_s_stair_smasher, layout_basic, erik_orc_3
D:10:     minmay_shrinking_squares, layout_irregular_city, okawaru_humans
D:11:     layout_irregular_city, serial_nicolae_subway,
          nicolae_sub_station_metal, nicolae_sub_station_crystal,
          nicolae_sub_station_stone
D:12:     gammafunk_sealed_arena, layout_rooms
D:13:     layout_roguey, grunt_vaults_entry_tiered, uniq_snorg
Temple:   nicolae_temple_no_exploring_needed

Skill      XL: |  1  2  3  4  5  6  7  8  9 10 11 12 |
---------------+-------------------------------------+-----
Shields        | 4 5 6 7 8 |  8.2
Armour         | 4 5 6 7 8 9 10 11 | 11.0
Fighting       | 4 5 6 7 9 10 11 | 11.5
Axes           | 3 4 5 6 7 9 12 | 12.9
Dodging        | 1 2 3 4 5 |  5.7
Stealth        | 1 2 |  2.0
Maces & Flails | 5 8 10 12 | 12.6
Throwing       | 1 |  1.0

Action                     |  1- 3 |  4- 6 |  7- 9 | 10-12 || total
---------------------------+-------+-------+-------+-------++-------
  Melee: War axe           |    67 |   115 |   137 |   178 ||   497
         Headbutt          |     7 |    15 |    55 |   103 ||   180
         Dire flail        |       |       |   135 |       ||   135
         Punch             |       |       |     2 |     7 ||     9
         Morningstar       |       |       |       |   263 ||   263
  Throw: Dart              |    11 |       |       |     3 ||    14
  Evoke: Wand              |       |       |       |     1 ||     1
    Use: Potion            |       |       |     4 |     6 ||    10
         Scroll            |       |       |       |    11 ||    11
   Stab: Invisible         |       |       |     4 |       ||     4
         Distracted        |       |       |       |     3 ||     3
 Armour: Scale mail        |    57 |   109 |   170 |       ||   336
         Chain mail        |       |       |   160 |   419 ||   579
  Dodge: Dodged            |    25 |    53 |   235 |   222 ||   535
  Block: Buckler           |    12 |    34 |    18 |       ||    64
         Other             |       |       |    31 |    89 ||   120
         Reflection        |       |       |       |     5 ||     5

Table legend: (Time is in decaauts)
 A = Elapsed time spent in this place.
 B = Non-inter-level travel time spent in this place.
 C = Inter-level travel time spent in this place.
 D = Time resting spent in this place.
 E = Time spent auto-exploring this place.
 F = Levels seen in this place.
 G = Mean time per level.
                   A        B        C        D        E       F      G
               +--------+--------+--------+--------+--------+-----+--------+
         Total |  12048 |  11519 |    529 |   1910 |     91 |  14 |  860.6 |
       Dungeon |  12028 |  11499 |    529 |   1910 |     91 |  13 |  925.2 |
        Temple |     20 |     20 |      0 |      0 |      0 |   1 |   20.0 |
               +--------+--------+--------+--------+--------+-----+--------+

Top non-repeatable levels by time:
    D:10: 1880 daAuts
     D:8: 1515 daAuts
     D:9: 1263 daAuts
     D:4: 1144 daAuts
     D:6: 1094 daAuts
     D:1: 849 daAuts
    D:11: 793 daAuts
     D:3: 746 daAuts
     D:7: 743 daAuts
     D:5: 606 daAuts
    D:12: 591 daAuts
     D:2: 546 daAuts
    D:13: 252 daAuts
  Temple: 20 daAuts
